 Dungeon Crawl Stone Soup version 0.20-a0-526-g753eaab (webtiles) character file.

19826 kuniqs the Spear-Bearer (level 12, -20/118 HPs)
             Began as a Naga Berserker on Jan 26, 2017.
             Was a High Priest of Trog.
             Killed from afar by a wretched star (26 damage)
             ... with an orb of energy
             ... on level 2 of the Abyss.
             The game lasted 00:38:40 (16305 turns).

kuniqs the Spear-Bearer (Naga Berserker)           Turns: 16305, Time: 00:38:41

Health: -20/118    AC: 13    Str: 20    XL:     12   Next: 73%
Magic:  9/9        EV: 16    Int:  4    God:    Trog [*****.]
Gold:   805        SH:  0    Dex: 17    Spells: 11/11 levels left

rFire    . . .     SeeInvis +   v - +3 halberd
rCold    . . .     Gourm    +   E - +2 scale mail {MR+}
rNeg     . . .     Faith    .   (shield currently unavailable)
rPois    +         Spirit   .   (no helmet)
rElec    .         Reflect  .   F - +0 cloak
rCorr    .         Harm     .   y - +0 pair of gloves
MR       ++...                  (no barding)
Stlth    ++++......             z - amulet of the gourmand
Regen    0.3/turn               D - ring of stealth
                                Q - +3 ring of evasion

@: exhausted, about to teleport, drained, very slow
A: thin skeletal structure 1, see invisible, deformed body, dopey 2, low mp 2,
poison resistance, screaming 2, slowness 2, slow metabolism 1, spit poison 1,
subdued magic 3, MP-powered wands, AC +4
a: Spit Poison, Berserk, Trog's Hand, Brothers in Arms, Burn Spellbooks,
Renounce Religion


You were on level 2 of the Abyss.
You worshipped Trog.
Trog was extremely pleased with you.
You were full.

You visited 3 branches of the dungeon, and saw 16 of its levels.
You visited the Abyss 1 time.

You collected 805 gold pieces.

Inventory:

Hand Weapons
 v - a +3 halberd (weapon)
 x - a +1 bardiche of distortion
 C - a +2 dagger of electrocution
 K - a +2 dagger of venom
 R - a +0 glaive
Missiles
 a - a throwing net
 L - a poisoned javelin (quivered)
Armour
 y - a +0 pair of gloves (worn)
 E - a +2 scale mail of magic resistance (worn)
 F - a +0 cloak (worn)
Jewellery
 z - an amulet of the gourmand (around neck)
 D - a ring of stealth (right hand)
 J - an uncursed ring of protection from magic
 Q - a +3 ring of evasion (left hand)
Wands
 g - a wand of flame (27/48)
 m - a wand of flame (11/48)
 q - a wand of polymorph (13/24)
 B - a wand of flame (21/48)
 H - a wand of paralysis (0/24)
 I - a wand of lightning (7/15)
 N - a wand of acid (7/15)
 P - a wand of flame (33/48)
Scrolls
 h - a scroll of teleportation
 i - 2 scrolls of enchant weapon
 j - 2 scrolls of remove curse {@r2}
 l - a scroll of magic mapping
 n - a scroll of fear {unknown}
 o - a scroll of enchant armour {unknown}
 p - a scroll of blinking {unknown}
 M - a scroll of summoning {unknown}
 O - a scroll of immolation {unknown}
Potions
 c - a potion of cancellation
 k - a potion of flight
 r - a potion of lignification
 s - a potion of haste
 t - a potion of agility
Books
 G - a book of Transfigurations

   Spells                             Type                      Level
   a - Irradiate                      Conjuration/Transmutation    5
   b - Statue Form                    Transmutation/Earth          6
   c - Hydra Form                     Transmutation                6
   d - Dragon Form                    Transmutation                7
   Trog disapproves of the use of such an item.
Miscellaneous
 A - a box of beasts
Comestibles
 d - 6 bread rations
 e - 4 meat rations
 f - 8 fruits
 u - 2 royal jellies


   Skills:
 + Level 10.7(10.1) Fighting
 + Level 10.8(10.2) Polearms
 + Level 8.0(7.5) Armour
 + Level 8.9(8.4) Dodging
 - Level 8.7(8.1) Stealth


You had 11 spell levels left.
You didn't know any spells.

Dungeon Overview and Level Annotations

Branches:
Dungeon (13/15)            Temple (1/1) D:4            Lair (0/6) D:11
    Orc (2/2) D:10
    Elf: Orc:2       Vaults: D:13-14

Altars:
Dithmenos
Elyvilon
Makhleb
Qazlal
Sif Muna
Xom
Zin
Beogh

Shops:
D:8 :   D:10 !


Innate Abilities, Weirdness & Mutations

You cannot wear boots.
Your serpentine skin is tough. (AC +4)
You have supernaturally acute eyesight. (SInv)
Armour fits poorly on your strangely shaped body.
Your system is resistant to poisons. (rPois)
You cover ground very slowly.
You have a slow metabolism.
You can spit poison.
You have a somewhat thin skeletal structure. (Dex +2, Stealth)
[You are very dopey. (Int -4)]
[Your magical capacity is very low. (-20% MP)]
[You sometimes yell uncontrollably at your foes.]
[Your spells are much easier to cast, but much less powerful.]
[You expend magic power (3 MP) to strengthen your wands.]


Message History

You feel strangely unstable.
You feel the power of the Abyss delaying your translocation!
You feel better.
The wretched star pulses with an eldritch light!
You feel your magical essence link to your wands.
You feel better.
The wretched star glows turbulently.
The orb of energy hits you!
* * * LOW HITPOINT WARNING * * *
The wretched star glows turbulently.
The orb of energy misses you.
The orb of energy explodes!
You feel yourself speed up.
The wretched star pulses with an eldritch light!
You feel less energetic. x2
Your connection to magic feels nearly dormant.
The wretched star glows turbulently.
The orb of energy misses you.
The wretched star glows turbulently.
The orb of energy hits you!
You die...

............... ..≈≈≈
..................≈≈≈
..... #......# ...≈≈
.....##......##...≈≈≈
.....*...........≈≈≈
..............?...≈≈≈
...................≈♣
...................≈≈
...........@....... ≈
.. .................≈
.....##......##.....
.... #......# .....≈
.... ........$......≈
.. .............
..............
≈≈##..##..##..


You could see a wretched star.

Vanquished Creatures
  Kirke (D:12)
  Snorg (D:10)
  Fannar (D:10)
  A centaur warrior (D:11)
  2 two-headed ogres (D:9)
  The ghost of anet the Charmwright, a novice DEWz of Ashenzari (D:9)
  A cyclops (shapeshifter) (D:10)
  A manticore (D:12)
  Maurice (D:8)
  Joseph (D:10)
  A smoke demon (Abyss:2)
  A centaur skeleton (D:10)
  4 trolls
  2 hornets
  2 slime creatures (D:12)
  3 raiju (Abyss:2)
  4 hippogriffs
  Sigmund (D:3)
  A spriggan (D:7)
  8 yaks
  A wyvern (D:10)
  2 hogs (D:12)
  4 hungry ghosts
  A steam dragon (D:11)
  2 two-headed ogre zombies (D:10)
  5 soldier ants
  An ice beast (D:12)
  3 porcupines (D:11)
  A black bear (D:10)
  9 orc warriors
  A sky beast (D:6)
  5 ogres
  A phantom (D:10)
  3 centaurs
  A crocodile (D:8)
  Blork the orc (D:6)
  11 bullfrogs
  2 big kobolds
  A water moccasin skeleton (D:5)
  4 scorpions
  13 killer bees
  6 wights
  4 howler monkeys
  A centaur zombie (D:10)
  11 crimson imps
  3 bullfrog zombies
  2 hounds
  A bullfrog skeleton (D:5)
  A jelly (D:6)
  7 orc wizards
  7 orc priests
  An iguana (D:10)
  Natasha (thrice) (D:3)
  10 worker ants
  6 ogre zombies
  A hound zombie (D:8)
  2 worker ant zombies
  4 gnolls (D:6)
  19 adders
  2 shadow imps
  2 oozes
  2 adder zombies
  3 worms
  A dart slug (D:2)
  7 leopard geckos
  41 orcs
  6 giant cockroaches
  5 goblins
  13 hobgoblins
  17 jackals
  14 kobolds
  7 quokkas
  A ball python (D:4)
  11 bats
  5 frilled lizards
  4 goblin zombies (D:10)
  A hobgoblin skeleton (D:10)
  3 hobgoblin zombies (D:10)
  A jackal skeleton (D:4)
  A jackal zombie (D:7)
  A leopard gecko zombie (D:8)
  An orc skeleton (D:10)
  15 orc zombies (D:10)
  3 quokka skeletons
  A quokka zombie (D:8)
  8 rats
375 creatures vanquished.

Vanquished Creatures (others)
  4 humans (D:12)
  A quokka (D:11)
  An orc zombie (D:10)
  17 fungi (D:11)
23 creatures vanquished.

Grand Total: 398 creatures vanquished

Notes
Turn   | Place    | Note
-------+----------+-------------------------------------------
     0 | D:1      | kuniqs the Naga Berserker began the quest for the Orb.
     0 | D:1      | Reached XP level 1. HP: 21/21 MP: 1/1
   132 | D:1      | Reached XP level 2. HP: 28/28 MP: 2/2
   355 | D:1      | You fall through a shaft!
   375 | D:2      | Reached ** piety under Trog
   378 | D:2      | Reached XP level 3. HP: 30/34 MP: 3/3
   923 | D:2      | Found a glowing silver altar of Zin.
  1096 | D:2      | Reached skill level 1 in Stealth
  1303 | D:2      | Reached XP level 4. HP: 43/43 MP: 4/4
  1937 | D:3      | Reached XP level 5. HP: 46/50 MP: 5/5
  2148 | D:3      | Reached *** piety under Trog
  2167 | D:3      | Found a faded altar of an unknown god.
  2302 | D:3      | Found a deep blue altar of Sif Muna.
  2440 | D:3      | Noticed Natasha
  2449 | D:3      | Killed Natasha
  2502 | D:3      | Reached XP level 6. HP: 47/57 MP: 6/6
  2504 | D:3      | Found a shimmering altar of Xom.
  2523 | D:3      | Noticed Natasha
  2528 | D:3      | Killed Natasha
  2580 | D:3      | Noticed Sigmund
  2626 | D:3      | Killed Sigmund
  2762 | D:4      | Reached XP level 7. HP: 66/66 MP: 7/7
  2816 | D:4      | Found a staircase to the Ecumenical Temple.
  2823 | Temple   | Entered the Ecumenical Temple
  2850 | D:4      | Reached skill level 5 in Stealth
  3211 | D:4      | Reached skill level 5 in Polearms
  3690 | D:3      | Noticed Natasha
  3695 | D:3      | Killed Natasha
  3695 | D:3      | Reached skill level 5 in Fighting
  4010 | D:5      | Entered Level 5 of the Dungeon
  4054 | D:5      | Reached **** piety under Trog
  4388 | D:5      | Reached XP level 8. HP: 74/74 MP: 8/8
  4577 | D:5      | Found a burning altar of Makhleb.
  4613 | D:5      | Got a faintly glowing spear
  4614 | D:5      | Identified the +2 spear of Extermination {pierce, rN+ MR++} (You found it on level 5 of the Dungeon)
  4836 | D:6      | Noticed Blork the orc
  4856 | D:6      | Killed Blork the orc
  5199 | D:6      | Found a shadowy altar of Dithmenos.
  6075 | D:6      | Reached XP level 9. HP: 79/82 MP: 9/9
  6617 | D:7      | Found a white marble altar of Elyvilon.
  6617 | D:7      | Found a stormy altar of Qazlal.
  6713 | D:7      | Reached skill level 5 in Dodging
  7038 | D:7      | Received a gift from Trog
  7219 | D:8      | Noticed Maurice
  7236 | D:8      | Killed Maurice
  7300 | D:8      | Found Iddeitad's Book Shoppe.
  8444 | D:8      | Reached ***** piety under Trog
  8756 | D:8      | Received a gift from Trog
  8756 | D:8      | Reached XP level 10. HP: 94/94 MP: 10/10
  9230 | D:9      | Got a transparent leather armour
  9260 | D:9      | Identified the cursed +1 leather armour of an ice cave {MR+} (You found it on level 9 of the Dungeon)
 10586 | D:10     | Entered Level 10 of the Dungeon
 10674 | D:9      | Noticed a two-headed ogre
 10683 | D:9      | Killed a two-headed ogre
 10683 | D:9      | Reached skill level 5 in Armour
 10764 | D:9      | Noticed anet's ghost (novice DEWz)
 10891 | D:9      | Killed anet's ghost
 11033 | D:9      | Noticed a two-headed ogre
 11041 | D:9      | Killed a two-headed ogre
 11041 | D:9      | Reached XP level 11. HP: 104/104 MP: 11/11
 11448 | D:10     | Noticed Joseph
 11500 | D:10     | Killed Joseph
 11901 | D:11     | Noticed Fannar
 11918 | D:10     | Killed Fannar
 12443 | D:10     | Found a staircase to the Orcish Mines.
 12632 | D:10     | Noticed Sonja
 12665 | D:10     | Noticed Sonja
 12665 | D:10     | Sonja changed into Sonja the shapeshifter
 12666 | D:10     | Noticed Sonja
 12666 | D:10     | Sonja the shapeshifter changed into Sonja the fire crab
 12673 | D:10     | Noticed Sonja
 12673 | D:10     | Sonja the fire crab changed into Sonja the cyclops
 12675 | D:10     | Killed Sonja the cyclops
 13039 | D:10     | Received a gift from Trog
 13180 | D:10     | Found Ocianki's Distillery.
 13311 | D:10     | Noticed Snorg
 13327 | D:10     | Killed Snorg
 13836 | D:12     | Noticed a manticore
 13845 | D:12     | Killed a manticore
 14171 | D:12     | Reached XP level 12. HP: 116/116 MP: 12/12
 14178 | D:12     | Reached skill level 10 in Polearms
 14194 | D:12     | Reached skill level 10 in Fighting
 14404 | D:12     | Gained mutation: You have a somewhat thin skeletal structure. (Dex +2, Stealth) [potion of beneficial mutation]
 14535 | D:12     | Noticed Kirke
 14561 | D:12     | Killed Kirke
 14945 | D:11     | Noticed a centaur warrior
 14954 | D:11     | Killed a centaur warrior
 15587 | D:11     | Found a staircase to the Lair.
 15654 | Orc:1    | Entered Level 1 of the Orcish Mines
 15902 | Orc:1    | Found a roughly hewn altar of Beogh.
 15941 | Orc:2    | Entered Level 2 of the Orcish Mines
 15958 | Orc:1    | Received a gift from Trog
 15974 | D:10     | Cast into level 2 of the Abyss (a distortion unwield)
 16032 | Abyss:2  | Noticed a wretched star
 16270 | Abyss:2  | Noticed a vampire mage
 16291 | Abyss:2  | Noticed a jiangshi
 16298 | Abyss:2  | Noticed a wretched star
 16302 | Abyss:2  | HP: 4/118 [wretched star/orb of energy (26)]
 16305 | Abyss:2  | Killed from afar by a wretched star

Vault maps used:
D:1:      nagdon_arrival_zigzag_paths
D:2:      old_standard_altar
D:3:      old_standard_altar, marbit_many_paths,
          chequers_ecumenical_altar_simple, hangedman_glass_teeth, uniq_sigmund,
          uniq_natasha
D:4:      minmay_temple_entry_mist
D:5:      bloody_makhleb, first_bread
D:6:      grunt_dithmenos_smoke, uniq_blork_the_orc
D:7:      gammafunk_temple_overflow_statue, the_bakery
D:8:      serial_shops, shop, kennysheep_cross_room, minmay_parallelograms,
          minmay_misc_feat_plants, uniq_maurice
D:9:      corexii_checkpoint_b
D:10:     zombieorc2_lemuel, kennysheep_windowed_goal, uniq_joseph, uniq_snorg,
          uniq_sonja
D:11:     due_lair_maze_entry_diamond, enter_bailey_1, elyvilon_altar_4,
          uniq_harold, uniq_gastronok, uniq_fannar
D:12:     uniq_kirke, uniq_nergalle
D:13:     david_vaults_1, special_room, enter_trove_3, minivault_29
Temple:   eino_temple_water
Orc:1:    mines2_david
Orc:2:    st_orc_pillars, basic_altar, portal_ice_cave_demonic_guard,
          serial_shops, shop, mines4_lemuel

Skill      XL: |  1  2  3  4  5  6  7  8  9 10 11 12 |
---------------+-------------------------------------+-----
Dodging        | 2 3 4 5 7 8 |  8.9
Stealth        | 1 2 3 4 6 8 |  8.7
Polearms       | 4 5 6 7 8 9 10 | 10.8
Fighting       | 4 5 6 7 8 9 10 | 10.7
Armour         | 2 3 5 6 8 |  8.0

Action                   |  1- 3 |  4- 6 |  7- 9 | 10-12 || total
-------------------------+-------+-------+-------+-------++-------
Melee: Spear             |   114 |   182 |   356 |    54 ||   706
       Halberd           |       |       |    24 |   315 ||   339
       Dagger            |       |       |   173 |   591 ||   764
       Unarmed           |       |       |       |     7 ||     7
       Bardiche          |       |       |       |     1 ||     1
Throw: Javelin           |       |       |       |     4 ||     4
Invok: Berserk           |     3 |     8 |    12 |    25 ||    48
       Trog's Hand       |       |     1 |       |     2 ||     3
       Burn Spellbooks   |       |       |       |     1 ||     1
 Abil: Spit Poison       |       |       |       |     3 ||     3
Evoke: Wand              |       |       |     6 |     5 ||    11
       Box of beasts     |       |       |       |     1 ||     1
  Use: Scroll            |     5 |     1 |    10 |     7 ||    23
       Potion            |       |       |     2 |     8 ||    10
 Stab: Sleeping          |     1 |     4 |    13 |     7 ||    25
       Distracted        |       |       |     1 |     4 ||     5
  Eat: Chunk             |     3 |    11 |    19 |    37 ||    70
       Bread ration      |       |       |     2 |     3 ||     5
       Royal jelly       |       |       |       |     5 ||     5
       Meat ration       |       |       |       |     1 ||     1
       Fruit             |       |       |       |     1 ||     1
Armor: Animal skin       |     8 |    26 |     1 |       ||    35
       Plate armour      |    26 |       |       |       ||    26
       Leather armour    |       |       |    60 |       ||    60
       Ring mail         |       |       |    24 |       ||    24
       Scale mail        |       |       |    48 |   410 ||   458
       Skin              |       |       |       |    10 ||    10
Dodge: Dodged            |    39 |    87 |   260 |   607 ||   993
